 Dungeon Crawl Stone Soup version 0.32-a0-43-g058985b245 (webtiles) character file.

Game seed: 2245488201045343071

186 timneilson the Ruffian (level 5, -6/35 HPs)
             Began as an Octopode Shapeshifter on Feb 4, 2024.
             Killed by nerve-wracking pain
             ... invoked by Grinder
              (10 damage)
             ... while paralysed by Grinder
             ... on level 4 of the Dungeon.
             The game lasted 00:03:35 (2204 turns).

timneilson the Ruffian (Octopode Shapeshifter)      Turns: 2204, Time: 00:03:36

Health: -6/35      AC:  1    Str: 16    XL:     5   Next: 65%
Magic:  5/5        EV:  2    Int: 12    God:
Gold:   162        SH:  0    Dex: 11    Spells: 4/4 levels left

rFire   . .          .
                       - Unarmed
rCold   . . .        (no shield)
rNeg    . . .        (helmet currently unavailable)
rPois   .            (no amulet)
rElec   .            d - ring of wizardry
rCorr   .            (no ring)
SInv    .            (no ring)
Will    .....        (no ring)
Stlth   +++          (no ring)
HPRegen 0.25/turn    (no ring)
MPRegen 0.09/turn    (no ring)
                     (no ring)

%: wizardry (x1)
@: paralysed, beast-form
A: beast (slay +2), almost no armour, amphibious, 8 rings, camouflage 1,
gelatinous body 1, (nimble swimmer 1), tentacles
a: Begin Untransformation


You were on level 4 of the Dungeon.
You were a hulking beast.
You visited 1 branch of the dungeon, and saw 4 of its levels.

You collected 162 gold pieces.

Inventory:

Missiles
 e - 2 throwing nets
 h - 8 poisoned darts (quivered)
Jewellery
 d - a ring of wizardry (left tentacle)
Talismans
 b - a beast talisman
 c - a flux talisman
Potions
 a - a potion of lignification
 f - a potion of brilliance {unknown}
 g - 3 potions of heal wounds
 k - 2 potions of curing
 l - a potion of degeneration {unknown}


   Skills:
 * Level 2.6 Fighting
 * Level 3.1 Dodging
 + Level 2.3 Stealth
 * Level 3.8 Unarmed Combat
 * Level 3.7 Shapeshifting


You had 4 spell levels left.
You didn't know any spells.
Your spell library contained the following spells:

 Spells                   Type           Power      Damage    Failure   Level
 Apportation              Tloc           0%         N/A       13%         1
 Jinxbite                 Hex            0%         N/A       21%         2
 Static Discharge         Conj/Air       0%         3-3/arc   21%         2
 Tukima's Dance           Hex            0%         N/A       36%         3
 Airstrike                Air            0%         2d(0-16)  75%         4
 Dimensional Bullseye     Hex/Tloc       0%         N/A       75%         4
 Iskenderun's Mystic Bla  Conj/Tloc      0%         2d3       75%         4
 Summon Lightning Spire   Summ/Air       0%         N/A       75%         4
 Alistair's Intoxication  Alch           0%         N/A       97%         5


Dungeon Overview and Level Annotations

Branches:
Dungeon (4/15)
 Temple: D:4-7

Altars:
Fedhas
Vehumet
Xom

Annotations:
D:4 Grinder


Innate Abilities, Weirdness & Mutations

You are a hulking beast.
Your limbs bulge with bestial killing power. (Slay +2)
You cannot wear most types of armour.
You are amphibious.
You can wear up to eight rings at the same time.
Your skin changes colour to match your surroundings (Stealth+).
Your rubbery body absorbs attacks. (AC +1, EV +1)
((You are camouflaged when in or above water. (Stealth+)))
You have tentacles for arms and can constrict up to eight enemies at once.


Message History

You kill the endoplasm!
The goblin shouts!
The goblin hits you with a +0 dagger.
You closely miss the goblin. You grab the goblin.
Your squeeze misses the goblin. You constrict the goblin.
You tentacle-slap the goblin.
You kill the goblin!
Things that are here:
a +0 dagger; a goblin corpse You enter the deep water.
You now have 135 gold pieces (gained 8).
HP restored.
You now have 152 gold pieces (gained 17).
You now have 162 gold pieces (gained 10).
You open the door.
There is an open door here.
Grinder comes into view.
Grinder shouts!
Grinder hits you.
You tentacle-slap Grinder. You grab Grinder. You squeeze Grinder.
Grinder is lightly wounded.
You constrict Grinder. Grinder hits you.
You writhe in agony.
You tentacle-slap Grinder.
Grinder is moderately wounded.
You constrict Grinder.
Grinder blinks free!
You bludgeon Grinder! Your grab misses Grinder. You squeeze Grinder!
Grinder is severely wounded.
Grinder gestures at you.
You suddenly lose the ability to move!
Grinder hits you.
You writhe in agony.
Grinder hits you.
You writhe in agony.
* * * LOW HITPOINT WARNING * * *
Grinder hits you.
* * * LOW HITPOINT WARNING * * *
You writhe in agony.
* * * LOW HITPOINT WARNING * * *
Grinder gestures at you. Pain shoots through your body!
You die...
Grinder sighs, "Dead already?
I want a refund."

###### #....##
##'##..## ##≈.≈##..##
##≈≈.≈≈##.5####
##≈≈.#.≈≈##.h..#
##≈≈.....≈≈####..#
##≈≈...#...≈≈## .#
##≈≈...≈)≈...≈≈## #
#≈≈...≈...≈...≈≈##
≈≈...≈.....≈...≈≈# ##
≈...............≈#.##..
≈≈...≈.....≈...≈≈#....
..
#≈≈...≈...≈...≈≈##..#
...


You could see Grinder.

Vanquished Creatures
  A black bear (D:3)
  An adder (D:3)
  2 dart slugs (D:1)
  2 ribbon worms
  9 ball pythons
  5 endoplasms
  6 giant cockroaches (D:1)
  10 goblins
  4 hobgoblins (D:1)
  7 jackals
  7 quokkas
  5 bats
  4 frilled lizards
  4 kobolds
  7 rats
74 creatures vanquished.

Notes
Turn   | Place    | Note
-------+----------+-------------------------------------------
     0 | D:1      | timneilson the Octopode Shapeshifter began the quest for
                  | the Orb.
     0 | D:1      | Reached XP level 1. HP: 13/13 MP: 1/1
    97 | D:1      | Reached XP level 2. HP: 16/18 MP: 2/2
   134 | D:1      | Reached skill level 1 in Stealth
   154 | D:1      | Found a faded altar of an unknown god.
   159 | D:1      | Reached XP level 3. HP: 23/23 MP: 3/3
   878 | D:2      | Reached XP level 4. HP: 25/29 MP: 4/4
  1365 | D:3      | Noticed a black bear
  1376 | D:3      | Killed a black bear
  1377 | D:3      | Reached XP level 5. HP: 35/35 MP: 5/5
  1652 | D:3      | Found a shimmering altar of Xom.
  1677 | D:3      | Found a blossoming altar of Fedhas.
  1704 | D:3      | Found a radiant altar of Vehumet.
  2192 | D:4      | Noticed Grinder
  2200 | D:4      | Paralysed by Grinder for 4 turns
  2204 | D:4      | Killed from afar by Grinder

Illustrated notes

Levels and vault maps discovered:
D:1:      scummos_arrival_forest, layout_basic,
          shapermc_ecumenical_altar_acropolis
D:2:      layout_basic, minmay_tiny_reverse_x
D:3:      layout_basic, grunt_temple_overflow_open, nicolae_vehumet_radiance
D:4:      layout_cave_pools, kennysheep_diamond, uniq_pikel, uniq_grinder

Skill      XL: |  1  2  3  4 |
---------------+-------------+-----
Stealth        | 1 2 |  2.3
Fighting       | 2 |  2.6
Dodging        | 3 |  3.1
Unarmed Combat | |  3.8
Shapeshifting  | |  3.7

Action                     |  1- 3 |  4- 6 || total
---------------------------+-------+-------++-------
  Melee: Unarmed           |    74 |    61 ||   135
         Constrict         |    18 |    20 ||    38
         Tentacles         |    15 |     8 ||    23
         Punch             |       |     2 ||     2
  Throw: Dart              |       |     6 ||     6
    Use: Scroll            |     4 |     4 ||     8
   Stab: Sleeping          |     4 |     4 ||     8
 Armour: Skin              |    25 |    22 ||    47
  Dodge: Dodged            |    40 |    29 ||    69

Table legend: (Time is in decaauts)
 A = Elapsed time spent in this place.
 B = Non-inter-level travel time spent in this place.
 C = Inter-level travel time spent in this place.
 D = Time resting spent in this place.
 E = Time spent auto-exploring this place.
 F = Levels seen in this place.
 G = Mean time per level.
                   A        B        C        D        E       F      G
               +--------+--------+--------+--------+--------+-----+--------+
         Total |   2193 |   2148 |     45 |    134 |   1513 |   4 |  548.2 |
       Dungeon |   2193 |   2148 |     45 |    134 |   1513 |   4 |  548.2 |
               +--------+--------+--------+--------+--------+-----+--------+

Top non-repeatable levels by time:
     D:3: 733 daAuts
     D:1: 714 daAuts
     D:2: 624 daAuts
     D:4: 120 daAuts
